 Dungeon Crawl Stone Soup version 0.24.0-10-g970556be89 (webtiles) character file.

Game seed: 16148330952813348764, levelgen mode: deterministic

31 Arixos the Skirmisher (level 3, -1/29 HPs)
             Began as a Demonspawn Monk on Nov 3, 2019.
             Slain by a gnoll
             ... wielding a +0 halberd
              (11 damage)
             ... on level 1 of the Dungeon.
             The game lasted 00:04:02 (1075 turns).

Arixos the Skirmisher (Demonspawn Monk)             Turns: 1075, Time: 00:04:03

Health: -1/29      AC:  4    Str: 12    XL:     3   Next: 7%
Magic:  3/3        EV: 13    Int: 11    God:
Gold:   39         SH:  0    Dex: 15    Spells: 2/2 levels left

rFire    . . .     SeeInvis .     - Unarmed
rCold    + . .     Gourm    .   (no shield)
rNeg     . . .     Faith    .   h - +1 leather armour {rC+}
rPois    .         Spirit   .   (helmet restricted)
rElec    .         Reflect  .   k - scarf {cloud immunity}
rCorr    .         Harm     .   (no gloves)
MR       .....                  (no boots)
Stlth    ++........             (no amulet)
HPRegen  0.09/turn              (no ring)
MPRegen  0.08/turn              (no ring)

@: no status effects
A: antennae 1, talons 1
a: no special abilities


You were on level 1 of the Dungeon.
You were not hungry.

You visited 1 branch of the dungeon, and saw 2 of its levels.

You collected 39 gold pieces.

Inventory:

Missiles
 d - 12 poisoned darts (quivered)
Armour
 h - a +1 leather armour of cold resistance (worn)
 k - a scarf of cloud immunity (worn)
Scrolls
 a - 2 scrolls of blinking {unknown}
 c - 3 scrolls of identify {unknown}
 l - a scroll of noise {unknown}
Potions
 e - a potion of lignification {unknown}
 f - a potion of flight {unknown}
 g - a potion of heal wounds {unknown}
 j - a potion of curing {unknown}
Comestibles
 b - 3 rations
 i - a chunk of flesh


   Skills:
 + Level 3.3 Fighting
 + Level 1.0 Armour
 + Level 3.0 Dodging
 - Level 1.7 Stealth
 + Level 3.0 Unarmed Combat


You had 2 spell levels left.
You didn't know any spells.
Your spell library was empty.

Dungeon Overview and Level Annotations

Branches:
Dungeon (2/15)

Altars:


Innate Abilities, Weirdness & Mutations

You have a pair of small antennae on your head.
You have sharp toenails.


Message History

There is a stone staircase leading up here.
The gnoll closely misses you.
The goblin unwields a +0 club.
The goblin wields a +0 hunting sling.
The goblin shoots a stone.
The stone hits you.
The gnoll hits you from afar with a +0 halberd.
The gnoll barely misses you.
You climb upwards.
There is a stone staircase leading down here.
You hit the gnoll. You claw the gnoll, but do no damage.
The gnoll is heavily wounded.
The gnoll hits you with a +0 halberd.
You hit the gnoll but do no damage. You claw the gnoll, but do no damage.
The gnoll is heavily wounded.
You hit the gnoll. You claw the gnoll, but do no damage.
The gnoll is heavily wounded.
The gnoll closely misses you.
You closely miss the gnoll. Your kick misses the gnoll.
The gnoll is heavily wounded.
The gnoll hits you with a +0 halberd!
You die...

######## ##......##
##........##
#####..........# #######
#..........@...# #.....#
#.###......g...# #.....#
#...#..........# #....[# #
#..............# #.....# #
#...##.##.....## #.....# #
##..#...#.....######.....#
#
##...............##.....###
#..#...#......##..##.#...#.
##.##.##......)............


You could see a gnoll.

Vanquished Creatures
  An ooze (D:1)
  2 dart slugs (D:1)
  2 giant cockroaches (D:1)
  3 goblins (D:1)
  3 hobgoblins (D:1)
  3 bats (D:1)
  2 frilled lizards (D:1)
  4 kobolds (D:1)
  2 rats (D:1)
22 creatures vanquished.

Notes
Turn   | Place    | Note
-------+----------+-------------------------------------------
     0 | D:1      | Arixos the Demonspawn Monk began the quest for the Orb.
     0 | D:1      | Reached XP level 1. HP: 18/18 MP: 1/1
   188 | D:1      | Gained mutation: You have a pair of small antennae on your
                  | head. [demonic ancestry]
   188 | D:1      | Reached XP level 2. HP: 16/24 MP: 2/2
   754 | D:1      | You fall into a shaft and drop 1 floor!
   895 | D:1      | Reached skill level 1 in Armour
   913 | D:1      | Gained mutation: You have sharp toenails. [demonic
                  | ancestry]
   913 | D:1      | Reached XP level 3. HP: 29/29 MP: 3/3
  1075 | D:1      | Slain by a gnoll

Levels and vault maps discovered:
D:1:      dpeg_arrival_fog, layout_rooms, minmay_tromino_v4_b
D:2:      layout_rooms

Skill      XL: |  1  2 |
---------------+-------+-----
Dodging        | 3 |  3.0
Armour         | 1 |  1.0
Unarmed Combat | 3 |  3.0
Fighting       | |  3.3
Stealth        | |  1.7

Action                   || total
-------------------------++-------
Melee: Unarmed           ||    90
       Punch             ||     2
       Kick              ||     4
 Stab: Sleeping          ||     2
  Eat: Chunk             ||     1
Armor: Robe              ||     9
       Leather armour    ||    19
Dodge: Dodged            ||    50
